 Dungeon Crawl Stone Soup version 0.17-a0-1804-gf6433eb (webtiles) character file.

62 luca467 the Insei (level 3, 0/29 HPs)
             Began as a Demonspawn Monk on Sept 11, 2015.
             Slain by an orc
             ... wielding a +1 hand axe of electrocution
              (1 damage)
             ... on level 2 of the Dungeon.
             The game lasted 00:06:36 (1792 turns).

luca467 the Insei (Demonspawn Monk)                 Turns: 1792, Time: 00:06:37

Health: 0/29       AC:  6    Str: 11    XL:     3   Next: 85%
Magic:  3/3        EV: 13    Int: 11    God:
Gold:   108        SH:  0    Dex: 16    Spells: 0 memorised, 2 levels left

rFire  . . .     SeeInvis .       - Unarmed
rCold  . . .     Clarity  .     a - +0 robe
rNeg   . . .     SustAt   .     (no shield)
rPois  .         Gourm    .     (no helmet)
rElec  .         Spirit   .     (no cloak)
rCorr  .         Warding  .     (no gloves)
rMut   .         Stasis   .     (no boots)
MR     .....                    (no amulet)
Stlth  ++........               (no ring)
                                (no ring)

@: not resistant to hostile enchantments, unstealthy
A: hooves 1, iridescent scales 1
a: no special abilities


You were on level 2 of the Dungeon.
You were not hungry.

You visited 1 branch of the dungeon, and saw 3 of its levels.

You collected 108 gold pieces.

Inventory:

Armour
 a - a +0 robe (worn)
Scrolls
 i - a scroll of noise {unknown}
 j - 3 scrolls of teleportation {unknown}
 k - 3 scrolls of magic mapping {unknown}
 m - 3 scrolls of fear {unknown}
Potions
 e - a potion of resistance {unknown}
 f - a potion of brilliance {unknown}
 g - a potion of heal wounds {unknown}
 h - a potion of degeneration {unknown}
 l - 2 potions of lignification {unknown}
 n - a potion of magic {unknown}
Comestibles
 b - a bread ration
 c - a meat ration
 d - 3 beef jerkies
 o - a chunk of flesh


   Skills:
 + Level 3.4 Fighting
 + Level 3.2 Dodging
 - Level 1.7 Stealth
 * Level 4.3 Unarmed Combat


You had 2 spell levels left.
You didn't know any spells.

Dungeon Overview and Level Annotations

Branches:
Dungeon (3/15)

Altars:
Ru


Innate Abilities, Weirdness & Mutations

You have large cloven feet.
You are partially covered in iridescent scales (AC +4).


Message History

The orc hits you but does no damage.
An orc wizard comes into view. It is wielding a dagger.
The orc hits you with a hand axe of electrocution.
* * * LOW HITPOINT WARNING * * *
Things that are here:
a club; a leather armour
Found a sacrificial altar of Ru.
A hobgoblin comes into view. It is wielding a club.
The hobgoblin shouts!
There is a stone staircase leading up here.
The orc wizard shouts!
The orc hits you with a hand axe of electrocution.
* * * LOW HITPOINT WARNING * * *
You climb upwards.
There is a stone staircase leading down here.
You closely miss the orc. You hit the orc but do no damage.
The orc hits you but does no damage.
You hit the orc but do no damage. You kick the orc, but do no damage.
The orc hits you with a hand axe of electrocution.
You die...

######## #.# #.# #.#
####.##### #..>.....#
#.##.###.# #........#
##### ####
#..#.##..#####...# ...####
#..#...o@........#
......###.....#..#####...#
......##.........# ##.##
..............#..# #.####
......##.........# #....#
...##.######.##### ####.#
...##.# #.# #.# ......#
##'## #.# #.###.# ##)..##
#.#


You could see an orc.

Vanquished Creatures
  2 adders (D:2)
  A worm (D:2)
  A giant gecko (D:1)
  An orc (D:3)
  4 hobgoblins
  2 jackals (D:3)
  7 bats
  4 giant newts
  7 goblins
  4 kobolds
  6 rats
39 creatures vanquished.

Notes
Turn   | Place    | Note
--------------------------------------------------------------
     0 | D:1      | luca467 the Demonspawn Monk began the quest for the Orb.
     0 | D:1      | Reached XP level 1. HP: 18/18 MP: 1/1
   348 | D:1      | Gained mutation: You are partially covered in iridescent scales (AC +4). [demonic ancestry]
   348 | D:1      | Reached XP level 2. HP: 21/24 MP: 2/2
   614 | D:1      | Reached skill level 4 in Unarmed Combat
  1118 | D:2      | Gained mutation: You have large cloven feet. [demonic ancestry]
  1118 | D:2      | Reached XP level 3. HP: 22/29 MP: 3/3
  1785 | D:3      | Found a sacrificial altar of Ru.
  1788 | D:3      | HP: 1/29 [orc/hand axe of electrocution (2)]
  1792 | D:2      | Slain by an orc

Vault maps used:
D:1:      onia_arrival_pentagram
D:3:      nicolae_overflow_hidden_temple, first_bread

Action                   || total
-------------------------++-------
Melee: Unarmed           ||   147
 Stab: Sleeping          ||     1
  Eat: Chunk             ||     3
